 Dungeon Crawl Stone Soup version 0.28-b1-38-gff268fdeb9 (webtiles) character file.

Game seed: 17488592933007600248

427 MacCMillion the Caller (level 6, 24/24 HPs)
             Began as a Felid Summoner on Feb 3, 2022.
             Quit the game on level 5 of the Dungeon.
             The game lasted 00:21:17 (6483 turns).

MacCMillion the Caller (Felid Summoner)             Turns: 6483, Time: 00:21:17

Health: 24/24      AC:  2    Str:  4    XL:     6   Next: 65%
Magic:  11/11      EV: 17    Int: 19    God:
Gold:   60         SH:  0    Dex: 16    Spells: 0/11 levels left
                                        Lives:  1   Deaths: 1

rFire   . . .      SeeInvis +   (weapon unavailable)
rCold   . . .      Faith    .   (shield unavailable)
rNeg    . . .      Spirit   .   (armour unavailable)
rPois   .          Reflect  .   (helmet unavailable)
rElec   .          Harm     .   (cloak unavailable)
rCorr   .          Rampage  .   (gloves unavailable)
Will    .....                   (boots unavailable)
Stlth   ++........              (no amulet)
HPRegen 0.08/turn               (no ring)
MPRegen 0.12/turn               (no ring)

@: quick
A: very small, claws 1, fangs 3, see invisible, speed 1, shaggy fur 2, stealthy
paws, no weapons or thrown items, no armour, multi-lived
a: no special abilities


You were on level 5 of the Dungeon.
You visited 1 branch of the dungeon, and saw 5 of its levels.
You also visited: Sewer.

You collected 60 gold pieces.

Inventory:

Wands
 s - a wand of flame (8)
Scrolls
 a - a scroll of blinking {unknown}
 c - a scroll of fog {unknown}
 d - 2 scrolls of enchant armour {unknown}
 e - 4 scrolls of enchant weapon {unknown}
 f - a scroll of identify {unknown}
 i - a scroll of amnesia {unknown}
 m - a scroll of silence {unknown}
 n - 2 scrolls of teleportation {unknown}
 o - a scroll of summoning {unknown}
 p - a scroll of immolation {unknown}
 q - a scroll of noise {unknown}
Potions
 b - 2 potions of heal wounds {unknown}
 g - a potion of invisibility {unknown}
 h - a potion of brilliance {unknown}
 j - 2 potions of mutation {unknown}
 k - a potion of experience {unknown}
 l - 3 potions of haste {unknown}
 r - 4 potions of curing {unknown}


   Skills:
 - Level 2.6 Dodging
 - Level 2.6 Stealth
 - Level 3.0 Spellcasting
 - Level 5.0 Hexes
 + Level 7.5 Summonings
 + Level 2.3 Air Magic


You couldn't memorise any spells.
You knew the following spells:

 Your Spells              Type           Power      Damage    Failure   Level
a - Summon Small Mammal   Summ           100%       N/A       1%          1
b - Call Canine Familiar  Summ           31%        N/A       1%          3
c - Summon Guardian Gole  Hex/Summ       26%        N/A       3%          3
d - Summon Lightning Spi  Summ/Air       21%        N/A       21%         4

Your spell library contained the following spells:

 Spells                   Type           Power      Damage    Failure   Level
 Call Imp                 Summ           31%        N/A       1%          2
 Animate Skeleton         Necr           4%         N/A       16%         1
 Foxfire                  Conj/Fire      8%         2x1d4     16%         1
 Pain                     Necr           8%         1d4       16%         1
 Inner Flame              Hex/Fire       12%        N/A       16%         3
 Conjure Flame            Conj/Fire      2%         6-21      41%         3
 Vampiric Draining        Necr           2%         2d6       41%         3
 Flame Wave               Conj/Fire      2%         2d4       83%         4


Dungeon Overview and Level Annotations

Branches:
Dungeon (5/15)              Sewer (visited)
 Temple: D:4-7

Altars:
Ashenzari

Shops:
D:3 (

Annotations:
D:3 1 runed translucent door, Crazy Yiuf


Innate Abilities, Weirdness & Mutations

You have sharp claws.
You have razor-sharp teeth.
You have supernaturally acute eyesight. (SInv)
You cover ground quickly. (Speed+)
You are covered in thick fur. (AC +2)
Your paws help you pounce on unaware monsters.
You are incapable of wielding weapons or throwing items.
You cannot wear armour.
You gain extra lives every three experience levels.


Message History

You barely miss the centaur.
The centaur is moderately wounded.
Your hound bites the centaur.
The centaur hits you. The centaur closely misses you.
Your hound bites the centaur.
The centaur hits you but does no damage.
The centaur misses you.
You scratch the centaur but do no damage.
The centaur is heavily wounded.
Your hound bites the centaur.
The centaur barely misses you.
The centaur kicks you but does no damage.
You barely miss the centaur.
The centaur is heavily wounded.
Your hound bites the centaur.
The centaur hits your hound. The centaur kicks your hound.
Your hound bites the centaur but does no damage.
The centaur hits your hound. The centaur closely misses your hound.
You scratch the centaur. You bite the centaur, but do no damage.
The centaur is severely wounded.
Your hound bites the centaur but does no damage.
The centaur barely misses your hound.
The centaur kicks your hound but does no damage.
You scratch the centaur.
The centaur is almost dead.
Your hound bites the centaur.
The centaur dies!
Your Air Magic skill increases to level 2!
HP restored.
Things that are here:
a +0 shortbow; 12 arrows; a centaur corpse Done exploring.
Unknown command.
You see here the felid skeleton of MacCMillion.
There is a stone staircase leading down here.
You climb downwards.
Your summoned ally is left behind.
There is a stone staircase leading up here.
Are you sure you want to abandon this character and quit the game? (Confirm with "yes".)
Okay, then.
You aren't carrying any pieces of jewellery.
Okay, then.
Are you sure you want to abandon this character and quit the game? (Confirm with "yes".)

####
#.@#
#..#
#...
+....
#..###
#..#
#...
#...


There were no monsters in sight!

Vanquished Creatures
  A giant cockroach (D:2)
  A ball python (D:2)
  2 rats
4 creatures vanquished.

Vanquished Creatures (collateral kills)
  A centaur (D:4)
  A scorpion (D:4)
  A hound (D:4)
  4 jellies (Sewer)
  A hound skeleton (D:4)
  5 adders
  8 gnolls
  3 river rats
  A white imp (D:3)
  An ufetubus (D:4)
  3 worms
  3 dart slugs (D:1)
  3 orcs
  20 endoplasms
  4 giant cockroaches
  8 goblins
  2 hobgoblins
  5 jackals
  5 kobolds
  3 quokkas
  14 ball pythons
  9 bats
  4 frilled lizards
  12 rats
121 creatures vanquished.

Vanquished Creatures (others)
  An ice beast (D:4)
  A scorpion (D:4)
2 creatures vanquished.

Grand Total: 127 creatures vanquished

Notes
Turn   | Place    | Note
-------+----------+-------------------------------------------
     0 | D:1      | MacCMillion the Felid Summoner began the quest for the Orb.
     0 | D:1      | Reached XP level 1. HP: 7/7 MP: 4/4
   407 | D:1      | Reached XP level 2. HP: 11/11 MP: 3/6
   819 | D:1      | Reached XP level 3. HP: 14/14 MP: 4/8
   823 | D:1      | Learned a level 3 spell: Call Canine Familiar
  1314 | D:2      | Identified the +5 ring mail of the Crypt {Will- Dex+4}
  1366 | D:2      | Reached skill level 5 in Summonings
  1383 | D:2      | Reached XP level 4. HP: 13/18 MP: 4/9
  1459 | D:1      | Learned a level 3 spell: Summon Guardian Golem
  1664 | D:2      | Found a faded altar of an unknown god.
  1677 | D:2      | Reached skill level 1 in Hexes
  2680 | D:3      | Found Coilueni's Weapon Shop.
  2878 | D:3      | Reached XP level 5. HP: 21/21 MP: 5/10
  3001 | D:3      | Found a glowing drain.
  3005 | Sewer    | Entered a sewer
  3515 | Sewer    | Found a viscous altar of Jiyva.
  3525 | Sewer    | Reached skill level 6 in Summonings
  3541 | Sewer    | Gained mutation: You are covered in thick fur. (AC +2)
                  | [Felid growth]
  3541 | Sewer    | Reached XP level 6. HP: 24/24 MP: 4/11
  3917 | D:3      | Found a runed translucent door.
  3918 | D:3      | Noticed Crazy Yiuf
  4943 | D:4      | Found a broken altar of Ashenzari.
  4969 | D:4      | Reached skill level 5 in Hexes
  5127 | D:4      | Learned a level 4 spell: Summon Lightning Spire
  5222 | D:4      | Reached skill level 7 in Summonings
  5418 | D:4      | Noticed an ice beast
  5469 | D:4      | Killed an ice beast
  5470 | D:4      | Reached skill level 1 in Air Magic
  5470 | D:4      | Reached XP level 7. HP: 27/27 MP: 6/12
  6133 | D:4      | Shot with an arrow by a centaur
  6134 | D:4      | Reached XP level 6. HP: -5/24 MP: 11/11
  6482 | D:5      | Entered Level 5 of the Dungeon
  6483 | D:5      | Quit the game

Illustrated notes

Levels and vault maps discovered:
D:1:      nzn_arrival_crosshair, layout_rooms, hangedman_decor_slide_cut,
          minmay_surrounded
D:2:      layout_rooms, ebering_ecumenical_altar_hall
D:3:      layout_basic, gup_sewer_entry_spiral, serial_shops,
          nicolae_shop_bloodbath_and_beyond, minmay_misc_feat_plants,
          uniq_crazy_yiuf_cottage
D:4:      layout_basic, nicolae_ashenzari_panopticon
D:5:      layout_gridville, lemuel_tele_altar,
          nicolae_concentric_dashed_squares_wild, corner_web_ring, uniq_pikel,
          uniq_ijyb

Skill      XL: |  1  2  3  4  5  6 |
---------------+-------------------+-----
Spellcasting   | 3 |  3.0
Summonings     | 5 6 7 |  7.5
Hexes          | 2 4 5 |  5.0
Air Magic      | 2 |  2.3
Dodging        | |  2.6
Stealth        | |  2.6

Action                   |  1- 3 |  4- 6 |  7- 9 || total
-------------------------+-------+-------+-------++-------
Melee: Unarmed           |     6 |    18 |       ||    24
       Bite              |     1 |     2 |       ||     3
       Punch             |     1 |       |       ||     1
 Cast: Summon Small Mamm |    48 |    32 |     3 ||    83
       Call Canine Famil |     4 |    42 |     6 ||    52
       Summon Guardian G |       |     4 |       ||     4
 Stab: Sleeping          |       |     2 |       ||     2
Armor: Skin              |     3 |     3 |       ||     6
Dodge: Dodged            |    23 |    53 |     3 ||    79
